 Dungeon Crawl Stone Soup version 0.21.0-3-g78d12a8 (webtiles) character file.

9 Dfrag the Firebug (level 2, 16/19 HPs)
             Began as a Demonspawn Fire Elementalist on Jan 10, 2018.
             Quit the game on level 1 of the Dungeon.
             The game lasted 00:00:30 (204 turns).

Dfrag the Firebug (Demonspawn Fire Elementalist)     Turns: 204, Time: 00:00:31

Health: 16/19      AC:  2    Str:  8    XL:     2   Next: 3%
Magic:  5/5        EV: 12    Int: 16    God:
Gold:   32         SH:  0    Dex: 13    Spells: 4/5 levels left

rFire    . . .     SeeInvis .   f - +2 dagger (drain)
rCold    . . .     Gourm    .   (no shield)
rNeg     . . .     Faith    .   a - +0 robe
rPois    .         Spirit   .   (helmet restricted)
rElec    .         Reflect  .   (no cloak)
rCorr    .         Harm     .   (no gloves)
MR       .....                  (no boots)
Stlth    ++........             (no amulet)
HPRegen  0.06/turn              (no ring)
MPRegen  0.09/turn              (no ring)

@: no status effects
A: antennae 1
a: no special abilities


You were on level 1 of the Dungeon.
You were not hungry.

You visited 1 branch of the dungeon, and saw 1 of its levels.

You collected 32 gold pieces.

Inventory:

Hand Weapons
 f - a +2 dagger of draining (weapon)
Armour
 a - a +0 robe (worn)
Scrolls
 d - 2 scrolls of enchant weapon {unknown}
 e - a scroll of blinking {unknown}
Potions
 g - a potion of degeneration {unknown}
Books
 b - a book of Flames

   Spells                             Type                      Level
   a - Flame Tongue                   Conjuration/Fire             1
   b - Throw Flame                    Conjuration/Fire             2
   c - Conjure Flame                  Conjuration/Fire             3
   d - Inner Flame                    Hexes/Fire                   3
   e - Sticky Flame                   Conjuration/Fire             4
   f - Fireball                       Conjuration/Fire             5
Comestibles
 c - a ration


   Skills:
 - Level 1.7 Dodging
 - Level 1.7 Stealth
 + Level 2.2 Spellcasting
 + Level 1.4 Conjurations
 + Level 2.9 Fire Magic


You had 4 spell levels left.
You knew the following spells:

 Your Spells              Type           Power        Failure   Level  Hunger
a - Flame Tongue          Conj/Fire      #....        9%          1    #......


Dungeon Overview and Level Annotations

Branches:
Dungeon (1/15)

Altars:


Innate Abilities, Weirdness & Mutations

You have a pair of small antennae on your head.


Message History

You open the door.
There is an open door here.
There is an open door here.
You see here a rat corpse.
g - a fuming emerald potion You see here a rat corpse.
You see here a frilled lizard corpse.
Found 8 arrows.
A hobgoblin comes into view.
A hobgoblin is nearby!
A hobgoblin comes into view.
Found 9 gold pieces.
The helpless hobgoblin fails to defend itself.
You hit the hobgoblin. You drain the hobgoblin!
You kill the hobgoblin!
You have reached level 2!
You feel monstrous as your demonic heritage exerts itself.
Your demonic ancestry asserts itself...
A pair of antennae grows on your head!
Are you sure you want to abandon this character and quit the game? (Confirm with "yes".)

...........#
.#####.....#
#.....###
#.......#
#####...#
#.(.##
#....##
#.....#
#.##@.#
#.##.....#
#.####..g#
.. ...... #
##.... ..##
.# $


You could see a hobgoblin (sleeping).

Vanquished Creatures
  A bat (D:1)
  2 giant cockroaches (D:1)
  A goblin (D:1)
  A hobgoblin (D:1)
  A frilled lizard (D:1)
  2 rats (D:1)
8 creatures vanquished.

Notes
Turn   | Place    | Note
-------+----------+-------------------------------------------
     0 | D:1      | Dfrag the Demonspawn Fire Elementalist began the quest for the Orb.
     0 | D:1      | Reached XP level 1. HP: 13/13 MP: 3/3
     2 | D:1      | Noticed a draconian
     3 | D:1      | Noticed a demonspawn
     5 | D:1      | Noticed a merfolk
     5 | D:1      | Noticed a demigod
     7 | D:1      | Noticed a naga
     7 | D:1      | Noticed a dwarf
     9 | D:1      | Noticed a spriggan
     9 | D:1      | Noticed a centaur
    11 | D:1      | Noticed a ghoul
    13 | D:1      | Noticed an ogre
    13 | D:1      | Noticed an elf
    15 | D:1      | Noticed a gargoyle
    17 | D:1      | Noticed an octopode
    19 | D:1      | Noticed a formicid
    19 | D:1      | Noticed a felid
    21 | D:1      | Noticed a minotaur
    23 | D:1      | Noticed a halfling
    23 | D:1      | Noticed a human
    25 | D:1      | Noticed a troll
    25 | D:1      | Noticed a tengu
    27 | D:1      | Noticed a vampire
    27 | D:1      | Noticed a vine stalker
   203 | D:1      | Gained mutation: You have a pair of small antennae on your head. [demonic ancestry]
   203 | D:1      | Reached XP level 2. HP: 16/19 MP: 5/5
   204 | D:1      | Quit the game

Action                   || total
-------------------------++-------
Melee: Unarmed           ||    21
       Dagger            ||     5
 Cast: Flame Tongue      ||     9
 Stab: Sleeping          ||     1
Armor: Robe              ||     9
Dodge: Dodged            ||    19
